 Dungeon Crawl Stone Soup version 0.21.1 (webtiles) character file.

362446 Rrauwl the Executioner (level 23, -2/224 HPs)
             Began as a Formicid Abyssal Knight on Feb 2, 2018.
             Was an Elder of Lugonu.
             Killed from afar by a quicksilver dragon (34 damage)
             ... with a bolt of dispelling energy
             ... on level 5 of the Vaults on Feb 3, 2018.
             The game lasted 03:18:03 (50539 turns).

Rrauwl the Executioner (Formicid Abyssal Knight)   Turns: 50539, Time: 03:18:06

Health: -2/224     AC: 26    Str: 22      XL:     23   Next: 51%
Magic:  32/32      EV: 12    Int: 12 (13) God:    Lugonu [****..]
Gold:   3721       SH:  0    Dex: 13 (14) Spells: 19/22 levels left

rFire    + . .     SeeInvis +   a - +2 executioner's axe (flame)
rCold    + . .     Gourm    .   q - +0 large shield
rNeg     . . .     Faith    .   k - +0 storm dragon scales
rPois    .         Spirit   .   (helmet unavailable)
rElec    +         Reflect  .   E - +2 cloak {+Inv}
rCorr    .         Harm     .   Q - +0 pair of gloves
MR       +++..                  O - +2 pair of boots {Fly}
Stlth    ..........             P - amulet of Vitality {Regen+ HP+15}
HPRegen  0.87/turn              w - ring of protection from magic
MPRegen  0.23/turn              s - ring "Taontov" {+Inv rF+ rC+ Slay+3 Stlth-}

@: confused, flying
A: permanent stasis, dig shafts and tunnels, four strong arms, antennae 3, claws
1, talons 1, iridescent scales 1, blurry vision 1, deterioration 1, robust 1
}: 2/15 runes: decaying, serpentine
a: Dig, Shaft Self, Depart the Abyss, Bend Space, Banish, Corrupt, Renounce
Religion, Evoke Invisibility


You were on level 5 of the Vaults.
You worshipped Lugonu.
Lugonu was greatly pleased with you.
You were not hungry.

You visited 7 branches of the dungeon, and saw 37 of its levels.
You visited the Abyss 4 times.
You also visited: Ossuary.

You collected 3753 gold pieces.
You spent 32 gold pieces at shops.

Inventory:

Hand Weapons
 a - a +2 executioner's axe of flaming (weapon)
 b - a +2 arbalest of velocity
 c - the +5 broad axe "Wiyrawot" {flame, *Rage +Blink rPois Int+5}
   (You found it on level 12 of the Dungeon)

   It has been specially enchanted to burn those struck by it, causing extra
   injury to most foes and up to half again as much damage against particularly
   susceptible opponents.
   Big, fiery blades are also staple armaments of hydra-hunters.
   It affects your intelligence (+5).
   It protects you from poison.
   It lets you blink.
   It may make you go berserk in combat.
Missiles
 p - 2 throwing nets (quivered)
 R - 175 bolts
Armour
 k - +0 storm dragon scales (worn)
 q - a +0 large shield (worn)
 y - +0 acid dragon scales
 E - a +2 cloak of invisibility (worn)
 O - a +2 pair of boots of flying (worn)
 Q - a +0 pair of gloves (worn)
 S - +0 ice dragon scales
Jewellery
 l - an uncursed ring of positive energy
 s - the ring "Taontov" (right hand) {+Inv rF+ rC+ Slay+3 Stlth-}
   (You found it on level 11 of the Dungeon)

   [ring of loudness]

   It affects your accuracy and damage with ranged weapons and melee attacks
   (+3).
   It protects you from fire.
   It protects you from cold.
   It lets you turn invisible.
   It makes you less stealthy.
 w - a ring of protection from magic (left hand)
 P - the amulet of Vitality (around neck) {Regen+ HP+15}
   (You found it on level 13 of the Dungeon)

   [amulet of regeneration]

   It affects your health (+15).
   It increases your rate of regeneration.
Wands
 d - a wand of disintegration (37)
 f - a wand of acid (6)
 g - a wand of polymorph (17)
 r - a wand of paralysis (9)
 z - a wand of iceblast (11)
 B - a wand of digging (21)
 K - a wand of flame (68)
Scrolls
 h - 30 scrolls of remove curse
 i - 27 scrolls of identify
 n - 7 scrolls of fog
 u - 2 scrolls of silence
 F - 4 scrolls of fear
 G - 2 scrolls of enchant armour
 H - 2 scrolls of immolation
 N - 3 scrolls of magic mapping
Potions
 m - 2 potions of cancellation
 o - 3 potions of ambrosia
 x - 7 potions of curing
 C - a potion of magic
 I - 3 potions of lignification
 J - a potion of brilliance
Books
 t - the Collected Works on Stones and Slavery
   (You found it on level 1 of the Vaults)

   Spells                             Type                      Level
   a - Summon Ice Beast               Ice/Summoning                4
   b - Bolt of Magma                  Conjuration/Fire/Earth       5
   c - Aura of Abjuration             Summoning                    5
   d - Statue Form                    Transmutation/Earth          6
Miscellaneous
 v - a phial of floods
 A - a lamp of fire
 L - a box of beasts
 M - a fan of gales (inert)
Comestibles
 e - 61 rations


   Skills:
 - Level 18.0 Fighting
 + Level 25.7 Axes
 - Level 13.0 Armour
 - Level 8.0 Dodging
 - Level 8.0 Stealth
 - Level 15.0 Shields
 - Level 12.0 Invocations
 - Level 10.0 Evocations


You had 19 spell levels left.
You knew the following spells:

 Your Spells              Type           Power        Failure   Level  Hunger
a - Apportation           Tloc           #.....       86%         1    ##.....
b - Swiftness             Chrm/Air       #.......     95%         2    ###....


Dungeon Overview and Level Annotations

Branches:
Dungeon (15/15)            Temple (1/1) D:7            Lair (6/6) D:9
  Swamp (4/4) Lair:3        Snake (4/4) Lair:4        Slime (0/5) Lair:6
    Orc (2/2) D:10            Elf (0/3) Orc:2        Vaults (5/5) D:13
  Crypt (0/3) Vaults:2     Depths (0/5) D:15

Altars:
Ashenzari
Cheibriados
Dithmenos
Elyvilon
Fedhas
Gozag
Hepliaklqana
Kikubaaqudgha
Makhleb
Nemelex Xobeh
Okawaru
Qazlal
Ru
Sif Muna
Trog
Uskayaw
Vehumet
Wu Jian
Xom
Yredelemnul
Zin
The Shining One
Beogh

Shops:
D:6 (   D:7 }   D:11 [   D:14 %   Orc:2 ([:%   Snake:2 }}=   Vaults:1 (

Annotations:
Swamp:3 Mara


Innate Abilities, Weirdness & Mutations

You cannot be hasted, slowed, berserked, paralysed or teleported.
You can dig through walls and to a lower floor.
Your four strong arms can wield two-handed weapons with a shield.
You have a pair of large antennae on your head. (SInv)
You have sharp fingernails.
You have sharp toenails.
You are partially covered in iridescent scales. (AC +2)
Scrolls take you a little longer to read.
Your body sometimes deteriorates upon taking damage.
You are robust. (+10% HP)


Message History

* * * LOW HITPOINT WARNING * * *
You hear a shout! x2
The vault warden activates a sealing rune.
You block the ironbrand convoker's attack.
Really read with blurry vision while enemies are nearby?
Okay, then.
Okay, then.
Cast which spell? (? or * to list)
Okay, then.
Evoke which item? (* to show all) (? for menu, Esc to quit)
A fierce wind blows from the fan.
The monsters around you are blown away!
The quicksilver dragon bites you but does no damage.
The quicksilver dragon barely misses you.
You are confused.
You feel invigorated.
The quicksilver dragon barely misses you. x2
The quicksilver dragon breathes dispelling energy at you.
The bolt of dispelling energy hits you!
Your magical effects are unravelling.
You die...

#..# #..# { #..#
#..# #..# #..# {
#..# #.@# #CD# {
#..# #.p# #.X...#
#....##############
#.p..{{...pCC..Q*..
#......{..p........
###################


You could see a tentacled monstrosity, a fire giant, a quicksilver dragon, a
vault warden and an ironbrand convoker.

Vanquished Creatures
  the Lernaean hydra (Swamp:4)
  Xtahua (Vaults:3)
  A tentacled monstrosity (Vaults:5)
  Jorgrun (Swamp:2)
  3 tentacled starspawn (Abyss:1)
  3 thorn hunters
  2 storm dragons
  Roxanne (Snake:2)
  A tengu reaver (Vaults:3)
  9 nagarajas
  A fire giant (Vaults:5)
  Aizul (Swamp:3)
  11 vault wardens
  A frost giant (Vaults:4)
  An orc warlord (Orc:1)
  Louise (Swamp:3)
  15 ironheart preservers
  A ghoul (Vaults:4)
  10 very ugly things
  A war gargoyle (Vaults:4)
  An entropy weaver (shapeshifter) (Vaults:2)
  10 stone giants
  A deep elf demonologist (Vaults:1)
  5 dire elephants (Lair:6)
  Nessos (D:13)
  Snorg (D:14)
  An ettin (Vaults:4)
  5 yaktaur captains
  6 great orbs of eyes
  2 rakshasas
  A fire dragon (D:15)
  10 ogre magi
  6 ice dragons
  Harold (Lair:2)
  25 vault guards
  21 hydras
  14 naga warriors
  15 centaur warriors
  36 two-headed ogres
  7 alligators
  11 anacondas
  Erica (D:9)
  2 catoblepae (Lair:2)
  5 deep troll earth magi
  3 death yaks (Lair:6)
  A deep troll shaman (Vaults:3)
  6 death knights
  2 tengu warriors (D:13)
  5 shock serpents
  Urug (D:13)
  14 naga sharpshooters
  8 spriggans
  3 deep elf knights
  3 orc high priests (Orc:2)
  4 salamander mystics
  4 shadow wraiths
  The ghost of NihilVerum the Prestidigitator, a novice GnAr of Yredelemnul (D:8)
  3 starcursed masses (Abyss:2)
  2 unseen horrors
  2 spatial maelstroms
  2 spriggan druids
  4 deep elf archers
  2 skeletal warriors
  7 swamp dragons
  3 flayed ghosts
  22 deep trolls
  A glowing orange brain (Vaults:3)
  A shambling mangrove (Swamp:4)
  15 naga ritualists
  A lindwurm (shapeshifter) (D:13)
  A phantasmal warrior (Vaults:1)
  3 wizards
  9 deep elf magi
  9 ironbrand convokers
  17 orc knights
  9 salamanders
  2 necromancers
  A wolf spider zombie (D:14)
  6 manticores
  2 wolf spiders
  A stone giant zombie (Vaults:1)
  11 mana vipers
  6 orc sorcerers
  18 ugly things
  2 worldbinders
  20 elephants
  A black mamba (shapeshifter) (Vaults:4)
  8 cyclopes
  4 smoke demons (Abyss:1)
  10 guardian serpents
  A guardian serpent (shapeshifter) (Vaults:2)
  39 black mambas
  10 vault sentinels
  23 naga magi
  A frost giant skeleton (Vaults:4)
  Psyche (D:9)
  An orange demon (Abyss:1)
  A yaktaur zombie (Vaults:4)
  4 gargoyles
  4 komodo dragons
  22 spiny frogs
  2 efreet
  A redback zombie (D:15)
  3 freezing wraiths
  A rime drake (shapeshifter) (D:14)
  5 rime drakes
  2 yaktaurs (shapeshifter) (Vaults:3)
  A tengu conjurer (D:15)
  5 kobold demonologists
  20 yaktaurs
  9 trolls
  A queen bee (D:10)
  2 polar bears
  A queen bee (shapeshifter) (Vaults:1)
  A jumping spider (shapeshifter) (D:13)
  A meliai (shapeshifter) (Vaults:2)
  A wind drake (shapeshifter) (Vaults:3)
  14 hornets
  11 slime creatures
  3 tyrant leeches
  6 bog bodies
  4 raiju (Abyss:1)
  12 dream sheep
  21 hippogriffs
  5 large abominations
  3 blink frogs (Lair:6)
  3 hippogriffs (shapeshifter)
  A raiju (shapeshifter) (Vaults:3)
  An ice dragon skeleton (Abyss:1)
  A centaur simulacrum (D:15)
  2 vampires
  4 ynoxinuls (Abyss:1)
  5 wyverns
  73 yaks
  A spriggan (shapeshifter) (D:15)
  7 wraiths
  3 shadows
  An ettin skeleton (Vaults:4)
  A water elemental (D:11)
  4 hungry ghosts
  2 basilisks
  16 humans
  2 chaos spawn
  16 vampire mosquitoes
  A steam dragon (D:13)
  52 nagas
  A swamp worm (shapeshifter) (Vaults:1)
  A human simulacrum (Vaults:2)
  A soldier ant (D:14)
  19 swamp worms
  8 wargs
  10 insubstantial wisps
  2 acid dragons
  16 water moccasins
  10 porcupines
  3 necrophages
  44 orc warriors
  12 swamp drakes
  7 sky beasts
  A hornet zombie (D:15)
  7 ice beasts
  3 black bears
  3 phantoms
  4 eyes of draining
  39 ogres
  36 centaurs
  7 wolves
  2 human skeletons (Vaults:1)
  14 crocodiles
  8 big kobolds
  21 bullfrogs
  4 water moccasin zombies (Ossuary)
  2 wyvern zombies
  4 scorpions
  37 killer bees
  2 water moccasin skeletons
  14 wights
  2 howler monkeys
  8 electric eels
  8 crimson imps
  5 centaur zombies
  2 bullfrog zombies
  4 quasits
  10 hounds
  8 jellies
  5 bullfrog skeletons
  19 orc priests
  Crazy Yiuf (D:2)
  34 orc wizards
  3 centaur skeletons
  4 iguanas
  An iron imp (Abyss:1)
  13 worker ants
  4 small abominations (Abyss:1)
  A bullfrog simulacrum (D:13)
  3 mummies
  A worker ant zombie (D:10)
  4 gnolls (D:3)
  21 adders
  3 shadow imps
  2 ufetubi (Abyss:1)
  5 oozes
  2 adder skeletons
  6 adder zombies (Ossuary)
  3 worms (D:2)
  5 dart slugs
  8 leopard geckos
  116 orcs
  13 bats
  4 giant cockroaches
  10 goblins
  9 hobgoblins
  11 jackals
  3 quokkas
  2 ball pythons
  4 frilled lizards
  2 gnoll zombies (Ossuary)
  3 hobgoblin zombies (Ossuary)
  22 kobolds
  7 kobold zombies (Ossuary)
  A leopard gecko skeleton (D:5)
  6 orc zombies (Ossuary)
  3 rats
  14 briar patches
  9 fungi
  5 plants
  A starspawn tentacle (Abyss:1)
1734 creatures vanquished.

Vanquished Creatures (others)
  A fire giant (Vaults:4)
  A salamander mystic (Snake:4)
  A naga mage (Snake:4)
  A water moccasin (Lair:6)
  2 briar patches (Swamp:4)
  16 fungi
  20 plants
  10 starspawn tentacles
52 creatures vanquished.

Grand Total: 1786 creatures vanquished

Notes
Turn   | Place    | Note
-------+----------+-------------------------------------------
     0 | Abyss:1  | Rrauwl the Formicid Abyssal Knight began the quest for the Orb.
     0 | Abyss:1  | Reached XP level 1. HP: 18/18 MP: 2/2
    77 | Abyss:2  | Found a corrupted altar of Lugonu.
   182 | Abyss:3  | Noticed a profane servitor
   186 | D:1      | Escaped the Abyss
   224 | D:1      | Reached skill level 1 in Dodging
   266 | D:1      | Reached XP level 2. HP: 18/24 MP: 3/3
   534 | D:1      | Reached * piety under Lugonu
   576 | D:1      | Reached skill level 1 in Shields
   644 | D:1      | Reached XP level 3. HP: 29/29 MP: 4/4
   679 | D:1      | Reached skill level 1 in Evocations
  1227 | D:2      | Reached XP level 4. HP: 37/37 MP: 4/6
  1369 | D:2      | Gained mutation: Scrolls take you a little longer to read. [potion of mutation]
  1369 | D:2      | Gained mutation: You are robust. (+10% HP) [potion of mutation]
  1369 | D:2      | Gained mutation: You are clumsy. (Dex -2) [potion of mutation]
  1369 | D:2      | Gained mutation: You are partially covered in molten scales. (AC +2) [potion of mutation]
  1700 | D:2      | Reached skill level 1 in Stealth
  1804 | D:2      | Reached ** piety under Lugonu
  1804 | D:2      | Reached XP level 5. HP: 42/46 MP: 7/7
  1842 | D:2      | Noticed a dagger
  1842 | D:2      | Noticed a dagger
  1843 | D:2      | Found a hide-covered altar of Uskayaw.
  2374 | D:2      | Found a runed door.
  2380 | D:2      | Noticed Crazy Yiuf
  2385 | D:2      | Killed Crazy Yiuf
  2607 | D:3      | Reached XP level 6. HP: 47/52 MP: 8/8
  2926 | D:3      | Reached *** piety under Lugonu
  2935 | D:3      | Reached skill level 3 in Axes
  3137 | D:4      | Reached XP level 7. HP: 57/59 MP: 8/10
  3318 | D:4      | Found a sand-covered staircase.
  3405 | Ossuary  | Entered an ossuary
  3442 | Ossuary  | Reached skill level 4 in Axes
  3540 | Ossuary  | Reached **** piety under Lugonu
  3668 | Ossuary  | Reached XP level 8. HP: 60/67 MP: 11/11
  4307 | D:5      | Entered Level 5 of the Dungeon
  4387 | D:5      | Reached skill level 5 in Armour
  4387 | D:5      | Reached skill level 5 in Shields
  4406 | D:5      | Found an opulent altar of Gozag.
  4616 | D:5      | Reached skill level 5 in Fighting
  4622 | D:5      | Reached skill level 5 in Axes
  4819 | D:5      | Reached skill level 5 in Invocations
  4959 | D:5      | Lost mutation: You are partially covered in molten scales. (AC +2) [potion of mutation]
  4959 | D:5      | Gained mutation: You have sharp toenails. [potion of mutation]
  4959 | D:5      | Gained mutation: Your spells are a little easier to cast, but a little less powerful. [potion of mutation]
  4959 | D:5      | Gained mutation: You are partially covered in iridescent scales. (AC +2) [potion of mutation]
  5090 | D:6      | Reached XP level 9. HP: 67/74 MP: 11/13
  5127 | D:6      | Found Yfawil's Weapon Shoppe.
  5166 | D:6      | Reached skill level 6 in Axes
  5214 | D:6      | Reached skill level 7 in Axes
  5460 | D:6      | Found a shadowy altar of Dithmenos.
  5562 | D:7      | Found Bequk's Gadget Boutique.
  5566 | D:7      | Reached skill level 8 in Axes
  5717 | D:7      | Reached ***** piety under Lugonu
  5729 | D:7      | Reached skill level 9 in Axes
  5824 | D:7      | Found a staircase to the Ecumenical Temple.
  5838 | Temple   | Entered the Ecumenical Temple
  5956 | D:7      | Reached XP level 10. HP: 75/81 MP: 14/14
  6518 | D:8      | Noticed a two-headed ogre
  6535 | D:8      | Killed a two-headed ogre
  6620 | D:8      | Reached skill level 10 in Axes
  7148 | D:8      | Reached skill level 11 in Axes
  7148 | D:8      | Reached XP level 11. HP: 64/89 MP: 11/16
  7698 | D:8      | Noticed NihilVerum's ghost (novice GnAr)
  7736 | D:8      | Killed NihilVerum's ghost
  7736 | D:8      | Reached skill level 12 in Axes
  8042 | D:8      | Noticed a centaur warrior
  8054 | D:8      | Killed a centaur warrior
  8146 | D:8      | Identified the +4 longbow of Malaise {freeze, rN+} (You found it on level 8 of the Dungeon)
  8688 | D:9      | Found a staircase to the Lair.
  8795 | D:9      | Found a white marble altar of Elyvilon.
  8844 | D:9      | Noticed Psyche
  8855 | D:9      | Killed Psyche
  8898 | D:9      | Reached ****** piety under Lugonu
  9361 | D:9      | Noticed Erica
  9374 | D:9      | Killed Erica
  9545 | D:10     | Entered Level 10 of the Dungeon
  9614 | D:10     | Reached skill level 13 in Axes
  9978 | D:10     | Reached XP level 12. HP: 97/97 MP: 17/17
 10491 | D:10     | Noticed a three-headed hydra
 10498 | D:10     | Killed a one-headed hydra
 10554 | D:10     | Reached skill level 5 in Evocations
 11096 | D:10     | Found a staircase to the Orcish Mines.
 11523 | Lair:1   | Entered Level 1 of the Lair of Beasts
 12032 | Lair:1   | Reached skill level 14 in Axes
 12378 | Lair:2   | Noticed a catoblepas
 12492 | Lair:2   | Killed a catoblepas
 12575 | Lair:2   | Reached XP level 13. HP: 78/105 MP: 14/19
 12588 | Lair:2   | Noticed Harold
 12849 | Lair:2   | Killed Harold
 13511 | Lair:2   | Noticed a catoblepas
 13528 | Lair:2   | Killed a catoblepas
 14812 | Lair:3   | Noticed a four-headed hydra
 14821 | Lair:3   | Killed a one-headed hydra
 14839 | Lair:3   | Noticed a six-headed hydra
 14851 | Lair:3   | Killed a one-headed hydra
 15310 | Lair:3   | Found a staircase to the Swamp.
 15837 | Lair:4   | Reached skill level 10 in Invocations
 15850 | Lair:4   | Reached skill level 10 in Shields
 16213 | Lair:4   | Found a staircase to the Snake Pit.
 16240 | Lair:4   | Reached skill level 15 in Axes
 16675 | Lair:4   | Reached XP level 14. HP: 115/115 MP: 21/21
 16989 | Lair:4   | Got an encrusted chain mail
 16992 | Lair:4   | Identified the +2 chain mail of Ischogaon {rC+ MP-9 Dex+4} (You found it on level 4 of the Lair of Beasts)
 18140 | Lair:5   | Reached skill level 16 in Axes
 18963 | Lair:6   | Entered Level 6 of the Lair of Beasts
 19186 | Lair:6   | Lost mutation: Scrolls take you a little longer to read. [potion of mutation]
 19186 | Lair:6   | Lost mutation: You are clumsy. (Dex -2) [potion of mutation]
 19186 | Lair:6   | Gained mutation: Scrolls take you a little longer to read. [potion of mutation]
 19186 | Lair:6   | Gained mutation: You have sharp fingernails. [potion of mutation]
 19186 | Lair:6   | Lost mutation: Your spells are a little easier to cast, but a little less powerful. [potion of mutation]
 20195 | Lair:6   | Found a staircase to the Slime Pits.
 20338 | Lair:6   | Reached skill level 5 in Dodging
 20746 | Lair:6   | Reached skill level 5 in Stealth
 20796 | Lair:6   | Reached XP level 15. HP: 102/124 MP: 18/23
 21047 | Lair:6   | Learned a level 1 spell: Apportation
 23444 | D:5      | You fall through a shaft for 3 floors!
 24006 | D:11     | Got a coiled steel ring
 24010 | D:11     | Got a scintillating platinum ring
 24014 | D:11     | Identified the ring "Naduzus" {rPois MR- Dex+6 Stlth+} (You found it on level 11 of the Dungeon)
 24016 | D:11     | Identified the ring "Taontov" {+Inv rF+ rC+ Slay+3 Stlth-} (You found it on level 11 of the Dungeon)
 24165 | D:11     | Reached skill level 10 in Fighting
 24616 | D:11     | Found Kishruf's Armour Emporium.
 25611 | D:12     | Got a faintly glowing broad axe
 25612 | D:12     | Identified the +5 broad axe "Wiyrawot" {flame, *Rage +Blink rPois Int+5} (You found it on level 12 of the Dungeon)
 25621 | D:12     | Identified a scroll of acquirement
 26005 | D:13     | Found a gate to the Vaults.
 26005 | D:13     | Noticed Urug
 26005 | D:13     | Noticed Nessos
 26107 | D:13     | Killed Urug
 26151 | D:13     | Killed Nessos
 26234 | D:13     | Reached skill level 15 in Fighting
 26244 | D:13     | Reached XP level 16. HP: 92/149 MP: 24/24
 27058 | D:13     | Found a runed door.
 27064 | D:13     | Found the amulet of Vitality {Regen+ HP+15}
 27088 | D:13     | Identified the Guide on the Harmful Snowflakes
 27098 | D:13     | Identified the +1 scale mail of Vexation {+Blink rC- Int+8 Stlth-} (You found it on level 13 of the Dungeon)
 27520 | D:14     | Found a stormy altar of Qazlal.
 27573 | D:14     | Noticed Snorg
 27579 | D:14     | Killed Snorg
 27816 | D:14     | Found Fodic's Food Shop.
 28110 | D:15     | Entered Level 15 of the Dungeon
 28328 | D:15     | Reached skill level 10 in Armour
 28469 | D:15     | Learned a level 2 spell: Swiftness
 28910 | D:15     | Found an ancient bone altar of Kikubaaqudgha.
 29075 | D:15     | Found a staircase to the Depths.
 29611 | Orc:1    | Entered Level 1 of the Orcish Mines
 29666 | Orc:1    | Reached XP level 17. HP: 160/161 MP: 26/26
 30142 | Orc:1    | Found a roughly hewn altar of Beogh.
 30461 | Orc:2    | Entered Level 2 of the Orcish Mines
 30635 | Orc:2    | Found a staircase to the Elven Halls.
 30897 | Orc:2    | Gained mutation: Your body sometimes deteriorates upon taking damage. [a neqoxec]
 30917 | Orc:2    | Reached skill level 17 in Axes
 30922 | Orc:2    | Found Justuxec's Food Emporium.
 30922 | Orc:2    | Found Assekys's Book Boutique.
 30922 | Orc:2    | Found Esorrec's Armour Emporium.
 30922 | Orc:2    | Found Ygoabof's Weapon Boutique.
 31505 | Snake:1  | Entered Level 1 of the Snake Pit
 32910 | Snake:2  | Noticed Roxanne
 32932 | Snake:2  | Killed Roxanne
 32932 | Snake:2  | Reached skill level 18 in Axes
 32933 | Snake:2  | Identified Roxanne's Papyrus of Changing (You took it off Roxanne on level 2 of the Snake Pit)
 33020 | Snake:2  | Found Cudov's Gadget Shop.
 33023 | Snake:2  | Found Defit's Jewellery Emporium.
 33024 | Snake:2  | Found Nuus's Gadget Shop.
 33038 | Snake:2  | Bought a cursed -3 ring of dexterity for 32 gold pieces
 33743 | Snake:3  | Reached XP level 18. HP: 133/169 MP: 27/27
 34890 | Snake:4  | Entered Level 4 of the Snake Pit
 35329 | Snake:4  | Found a runed door.
 36169 | Snake:4  | Reached skill level 10 in Evocations
 37196 | Snake:4  | Reached XP level 19. HP: 101/177 MP: 28/28
 37595 | Snake:4  | Reached skill level 19 in Axes
 37907 | Snake:4  | Got a serpentine rune of Zot
 38521 | Swamp:1  | Entered Level 1 of the Swamp
 39444 | Swamp:2  | Noticed Jorgrun
 39458 | Swamp:2  | Killed Jorgrun
 40143 | Swamp:3  | Noticed Mara
 40521 | Swamp:3  | Reached skill level 20 in Axes
 40549 | Swamp:3  | Noticed Louise
 40567 | Swamp:3  | Killed Louise
 40660 | Swamp:3  | Noticed Aizul
 40691 | Swamp:3  | Killed Aizul
 40786 | Swamp:4  | Entered Level 4 of the Swamp
 41040 | Swamp:4  | Noticed the 27-headed Lernaean hydra
 41049 | Swamp:4  | HP: 6/192 [the 24-headed Lernaean hydra (8)]
 41052 | Swamp:4  | Killed the 24-headed Lernaean hydra
 41052 | Swamp:4  | Reached XP level 20. HP: 4/184 MP: 26/29
 41403 | Abyss:2  | Found a corrupted altar of Lugonu.
 41474 | Swamp:4  | Escaped the Abyss
 41714 | Swamp:4  | Got a decaying rune of Zot
 41811 | Swamp:4  | Identified the cursed +0 pair of gloves of Insurance {rElec rF- Int+9 Stlth-} (You found it on level 4 of the Swamp)
 42565 | Vaults:1 | Entered Level 1 of the Vaults
 42573 | Vaults:1 | Noticed a Hell Sentinel
 42578 | Vaults:1 | Reached skill level 15 in Shields
 42717 | Vaults:1 | Identified the Collected Works on Stones and Slavery
 43777 | Vaults:1 | Reached skill level 21 in Axes
 43887 | Vaults:1 | Reached XP level 21. HP: 125/194 MP: 30/30
 44117 | Vaults:1 | Found Myhuasse's Weapon Shop.
 45287 | Vaults:2 | Reached skill level 22 in Axes
 45422 | Vaults:2 | Found a staircase to the Crypt.
 46195 | Vaults:3 | Noticed Xtahua
 46209 | Vaults:3 | Killed Xtahua
 47070 | Vaults:3 | Reached skill level 23 in Axes
 47111 | Vaults:3 | Reached XP level 22. HP: 57/202 MP: 31/31
 48432 | Vaults:4 | Reached skill level 24 in Axes
 49522 | Vaults:5 | Entered Level 5 of the Vaults
 49529 | Vaults:4 | Reached XP level 23. HP: 209/209 MP: 32/32
 49706 | Vaults:5 | Reached skill level 25 in Axes
 49764 | Abyss:1  | HP: 10/224 [acid (3)]
 49781 | Abyss:1  | HP: 11/224 [tentacled starspawn (29)]
 50036 | Vaults:4 | Escaped the Abyss
 50487 | Vaults:5 | Escaped the Abyss
 50539 | Vaults:5 | Killed from afar by a quicksilver dragon

Skill      XL: |  1  2  3  4  5  6  7  8  9 10 11 12 13 14 15 16 17 18 19 20 21 22 23 |
---------------+----------------------------------------------------------------------+-----
Dodging        | 1 2 3 4 5 6 7 8 |  8.0
Shields        | 1 2 3 4 5 6 8 10 11 12 13 14 15 | 15.0
Evocations     | 1 3 5 6 7 8 9 10 | 10.0
Stealth        | 1 2 5 6 8 |  8.0
Invocations    | 3 4 5 6 7 8 10 11 12 | 12.0
Fighting       | 4 5 6 7 8 9 15 17 18 | 18.0
Armour         | 3 4 5 6 7 8 9 10 11 12 13 | 13.0
Axes           | 3 4 5 9 11 13 14 15 16 18 20 21 23 24 25 | 25.7

Action                   |  1- 3 |  4- 6 |  7- 9 | 10-12 | 13-15 | 16-18 | 19-21 | 22-24 || total
-------------------------+-------+-------+-------+-------+-------+-------+-------+-------++-------
Melee: Hand axe          |    75 |   278 |   370 |   908 |  1413 |       |       |       ||  3044
       Kick              |       |       |    42 |   255 |   542 |       |       |       ||   839
       Broad axe         |       |       |       |       |   102 |  1251 |  1096 |       ||  2449
       Executioner's axe |       |       |       |       |       |       |   266 |   545 ||   811
       Battleaxe         |       |       |       |       |       |       |    33 |       ||    33
 Cast: Apportation       |       |       |       |       |       |       |     4 |       ||     4
Invok: Depart the Abyss  |     1 |       |       |       |       |       |       |     2 ||     3
       Bend Space        |       |       |     1 |       |     1 |     5 |     7 |     4 ||    18
       Enter the Abyss   |       |       |       |       |       |       |     1 |     2 ||     3
 Abil: Dig               |       |       |     1 |     1 |    29 |     8 |       |       ||    39
       Shaft Self        |       |       |       |       |     1 |       |       |       ||     1
       Evoke Flight      |       |       |       |       |     1 |       |       |       ||     1
Evoke: Wand              |       |       |       |     2 |    31 |     8 |     2 |     1 ||    44
       Fan of gales      |       |       |       |     1 |       |       |       |     1 ||     2
       Phantom mirror    |       |       |       |       |       |       |       |     1 ||     1
  Use: Scroll            |     3 |     3 |     7 |     6 |     7 |     6 |     7 |     2 ||    41
       Potion            |     2 |     6 |     3 |    10 |     3 |     8 |     5 |     5 ||    42
 Stab: Invisible         |       |     1 |       |     6 |       |    12 |       |       ||    19
       Sleeping          |       |       |       |       |     2 |    10 |     6 |     3 ||    21
       Distracted        |       |       |       |       |       |       |     3 |     1 ||     4
       Confused          |       |       |       |       |       |       |     1 |       ||     1
  Eat: Chunk             |     1 |     7 |     2 |    15 |    33 |    17 |    16 |    10 ||   101
       Ration            |       |       |     2 |     3 |     4 |     6 |     5 |     1 ||    21
Armor: Ring mail         |    29 |    20 |       |   132 |   238 |       |       |       ||   419
       Leather armour    |     1 |       |       |       |       |       |       |       ||     1
       Chain mail        |       |   134 |   144 |   107 |       |       |       |       ||   385
       Acid dragon scale |       |       |       |       |    72 |   317 |   294 |    98 ||   781
       Storm dragon scal |       |       |       |       |       |       |       |    20 ||    20
Dodge: Dodged            |    28 |   100 |    79 |   278 |   407 |   424 |   416 |   165 ||  1897
Block: Buckler           |    29 |    72 |    98 |   209 |   319 |   299 |       |       ||  1026
       Large shield      |       |       |       |       |       |   361 |  1033 |   431 ||  1825
